[ AOE2 MATCH · #506813517 ]
UnrankedMaya vs Spanish
Player's team · LOSS
Rival team · WIN
[ REPLAY ANALYSIS · EXTRACTED FROM THE RECORDED GAME ]
Feudal
10:49
Castle
19:12
Imperial
38:17
| APM avg | 43.3 |
| APM peak | 135 |
| eAPM avg | 29.0 |
| Villagers / military | 197 / 348 |
Focus
⚔️ 40.6% · 🌾 59.4%
Plumed Archer ×200 · Skirmisher ×130 · Spearman ×9 · Archer ×3 · Monk ×2 · Eagle Scout ×2
Feudal
11:50
Castle
20:04
Imperial
41:48
| APM avg | 40.3 |
| APM peak | 76 |
| eAPM avg | 21.1 |
| Villagers / military | 152 / 339 |
Focus
⚔️ 37.2% · 🌾 62.8%
Skirmisher ×231 · Conquistador ×68 · Scout Cavalry ×13 · Trebuchet (Packed) ×11 · Battering Ram ×9 · Militia ×3
Match map
Initial resources + every placement click. Lines = walls · curves = elevation contours. ◆ gold · ⬟ stone · ● berries · ✦ relic · ◌ wall gap
Your base· Open — 4t gap
1920343014's base· ✓ Closed at 20:04 · 74t walls · 1 gate(s)
Smoothed initial terrain · ◌ = detected wall gap · hover for details
Inputs per minute
— Mataku - - 1920343014
Build order — Mataku
First 150 of 717 actions detected
| 0:04 | Research | Loom |
| 0:05 | Research | Loom |
| 0:06 | Build | House |
| 0:07 | Build | House |
| 0:14 | Queue | Villager (Male) |
| 0:15 | Queue | Villager (Male) |
| 0:15 | Queue | Villager (Male) |
| 0:15 | Queue | Villager (Male) |
| 1:41 | Queue | Villager (Male) |
| 1:41 | Queue | Villager (Male) |
| 2:01 | Build | Lumber Camp |
| 2:11 | Queue | Villager (Male) |
| 2:17 | Queue | Villager (Male) |
| 2:59 | Queue | Villager (Male) |
| 2:59 | Queue | Villager (Male) |
| 3:07 | Queue | Villager (Male) |
| 3:34 | Build | House |
| 3:45 | Queue | Villager (Male) |
| 3:46 | Queue | Villager (Male) |
| 3:46 | Queue | Villager (Male) |
| 3:50 | Build | House |
| 4:20 | Queue | Villager (Male) |
| 4:42 | Build | Palisade Wall |
| 5:11 | Build | Mill |
| 5:16 | Queue | Villager (Male) |
| 5:16 | Queue | Villager (Male) |
| 5:47 | Queue | Villager (Male) |
| 6:12 | Build | House |
| 6:16 | Build | Palisade Wall |
| 6:20 | Build | Palisade Wall |
| 6:24 | Queue | Villager (Male) |
| 6:56 | Queue | Villager (Male) |
| 7:23 | Build | Palisade Wall |
| 7:24 | Queue | Villager (Male) |
| 7:25 | Queue | Villager (Male) |
| 7:46 | Build | Mining Camp |
| 8:11 | Queue | Villager (Male) |
| 8:21 | Build | House |
| 8:26 | Research | Feudal Age |
| 8:40 | Build | Palisade Wall |
| 9:13 | Queue | Villager (Male) |
| 9:24 | Build | Barracks |
| 9:48 | Build | Palisade Wall |
| 9:55 | Build | House |
| 10:26 | Queue | Villager (Male) |
| 10:49 | Age | Feudal Age |
| 10:51 | Build | Archery Range |
| 10:52 | Queue | Spearman |
| 10:55 | Research | Double-Bit Axe |
| 11:04 | Build | House |
| 11:22 | Build | Farm |
| 11:23 | Build | Farm |
| 11:42 | Queue | Villager (Male) |
| 11:44 | Queue | Villager (Male) |
| 11:51 | Build | Farm |
| 11:52 | Queue | Villager (Male) |
| 11:58 | Queue | Villager (Male) |
| 12:02 | Queue | Archer |
| 12:07 | Queue | Eagle Scout |
| 12:11 | Build | Farm |
| 12:26 | Build | Farm |
| 12:41 | Queue | Villager (Male) |
| 12:57 | Queue | Eagle Scout |
| 13:00 | Queue | Villager (Male) |
| 13:00 | Queue | Villager (Male) |
| 13:02 | Build | Farm |
| 13:07 | Build | Farm |
| 13:12 | Queue | Archer |
| 13:28 | Queue | Villager (Male) |
| 13:30 | Build | House |
| 13:39 | Build | Farm |
| 13:43 | Build | Farm |
| 13:56 | Build | Palisade Gate |
| 13:59 | Queue | Villager (Male) |
| 14:01 | Build | Farm |
| 14:16 | Queue | Villager (Male) |
| 14:22 | Build | Market |
| 14:25 | Build | Farm |
| 14:40 | Build | House |
| 14:45 | Build | Farm |
| 15:12 | Build | Mining Camp |
| 15:15 | Queue | Villager (Male) |
| 15:53 | Queue | Villager (Male) |
| 16:24 | Build | House |
| 16:32 | Research | Castle Age |
| 16:54 | Research | Stone Mining |
| 17:16 | Build | Blacksmith |
| 17:48 | Build | House |
| 17:52 | Build | House |
| 18:03 | Research | Fletching |
| 18:55 | Queue | Villager (Male) |
| 18:56 | Queue | Villager (Male) |
| 19:12 | Age | Castle Age |
| 19:18 | Build | Castle |
| 19:19 | Build | Farm |
| 19:20 | Build | Farm |
| 19:30 | Research | Bodkin Arrow |
| 19:33 | Queue | Villager (Male) |
| 19:53 | Build | Farm |
| 19:54 | Build | Farm |
| 20:14 | Queue | Villager (Male) |
| 20:19 | Build | Town Center |
| 20:32 | Build | House |
| 20:33 | Build | House |
| 20:34 | Build | House |
| 20:38 | Queue | Villager (Male) |
| 20:40 | Build | Monastery |
| 20:44 | Queue | Villager (Male) |
| 20:51 | Queue | Plumed Archer |
| 20:52 | Queue | Plumed Archer |
| 20:52 | Queue | Plumed Archer |
| 21:15 | Queue | Plumed Archer |
| 21:24 | Queue | Villager (Male) |
| 21:26 | Queue | Monk |
| 21:32 | Queue | Villager (Male) |
| 21:32 | Queue | Villager (Male) |
| 21:32 | Queue | Villager (Male) |
| 21:34 | Queue | Plumed Archer |
| 21:34 | Queue | Plumed Archer |
| 21:51 | Build | House |
| 21:54 | Queue | Villager (Male) |
| 21:57 | Queue | Villager (Male) |
| 21:57 | Queue | Villager (Male) |
| 22:04 | Queue | Plumed Archer |
| 22:22 | Queue | Villager (Male) |
| 22:22 | Queue | Villager (Male) |
| 22:23 | Queue | Villager (Male) |
| 22:41 | Research | Gold Mining |
| 22:41 | Research | Gold Mining |
| 23:04 | Research | Padded Archer Armor |
| 23:16 | Build | Town Center |
| 23:17 | Queue | Villager (Male) |
| 23:18 | Queue | Villager (Male) |
| 23:24 | Build | Mining Camp |
| 23:28 | Queue | Plumed Archer |
| 23:29 | Queue | Plumed Archer |
| 23:38 | Queue | Monk |
| 23:45 | Queue | Villager (Male) |
| 23:45 | Queue | Villager (Male) |
| 23:48 | Queue | Villager (Male) |
| 23:54 | Queue | Plumed Archer |
| 23:54 | Queue | Plumed Archer |
| 23:59 | Build | University |
| 24:00 | Build | House |
| 24:15 | Queue | Plumed Archer |
| 24:18 | Queue | Villager (Male) |
| 24:18 | Queue | Villager (Male) |
| 24:19 | Queue | Villager (Male) |
| 24:30 | Queue | Villager (Male) |
| 24:31 | Queue | Villager (Male) |
Build order — 1920343014
First 150 of 552 actions detected
| 0:00 | Queue | Villager (Male) |
| 0:01 | Queue | Villager (Male) |
| 0:01 | Queue | Villager (Male) |
| 0:02 | Build | House |
| 0:04 | Build | House |
| 0:17 | Queue | Villager (Male) |
| 1:34 | Queue | Villager (Male) |
| 1:56 | Queue | Villager (Male) |
| 2:24 | Queue | Villager (Male) |
| 2:36 | Build | Lumber Camp |
| 2:46 | Queue | Villager (Male) |
| 2:53 | Queue | Villager (Male) |
| 3:11 | Queue | Villager (Male) |
| 3:26 | Build | House |
| 4:03 | Queue | Villager (Male) |
| 4:20 | Queue | Villager (Male) |
| 4:51 | Queue | Villager (Male) |
| 5:12 | Build | House |
| 5:29 | Queue | Villager (Male) |
| 5:39 | Build | Barracks |
| 5:44 | Queue | Villager (Male) |
| 6:13 | Queue | Militia |
| 6:14 | Queue | Militia |
| 6:14 | Queue | Militia |
| 6:17 | Build | House |
| 6:20 | Queue | Villager (Male) |
| 6:36 | Queue | Villager (Male) |
| 6:53 | Build | Mill |
| 7:03 | Queue | Villager (Male) |
| 7:20 | Queue | Villager (Male) |
| 7:33 | Queue | Villager (Male) |
| 7:40 | Build | Mill |
| 7:46 | Research | Loom |
| 8:17 | Queue | Villager (Male) |
| 8:33 | Build | House |
| 8:50 | Queue | Villager (Male) |
| 8:52 | Queue | Villager (Male) |
| 9:01 | Queue | Villager (Male) |
| 9:33 | Research | Feudal Age |
| 10:30 | Queue | Villager (Male) |
| 11:10 | Build | Mining Camp |
| 11:13 | Build | Mining Camp |
| 11:24 | Build | Lumber Camp |
| 11:50 | Age | Feudal Age |
| 11:56 | Build | Palisade Wall |
| 11:58 | Build | Palisade Wall |
| 11:59 | Build | Palisade Wall |
| 12:06 | Build | Palisade Wall |
| 12:08 | Build | Blacksmith |
| 12:11 | Build | Palisade Wall |
| 12:12 | Research | Double-Bit Axe |
| 12:14 | Research | Horse Collar |
| 12:37 | Queue | Villager (Male) |
| 12:57 | Build | Palisade Wall |
| 13:01 | Queue | Villager (Male) |
| 13:04 | Build | Palisade Wall |
| 13:21 | Queue | Villager (Male) |
| 13:32 | Build | Market |
| 13:35 | Build | Farm |
| 13:36 | Build | Farm |
| 13:37 | Queue | Villager (Male) |
| 13:44 | Build | Palisade Wall |
| 13:52 | Queue | Villager (Male) |
| 13:56 | Build | House |
| 13:57 | Build | House |
| 13:58 | Build | House |
| 13:58 | Build | House |
| 14:11 | Queue | Villager (Male) |
| 14:13 | Build | Farm |
| 14:14 | Build | Farm |
| 14:15 | Build | Farm |
| 14:26 | Queue | Villager (Male) |
| 14:34 | Build | Farm |
| 14:35 | Build | Farm |
| 14:49 | Build | Farm |
| 15:06 | Build | Gate |
| 15:09 | Build | Stone Wall |
| 15:18 | Build | House |
| 15:21 | Queue | Villager (Male) |
| 15:25 | Build | Mining Camp |
| 15:41 | Queue | Villager (Male) |
| 15:43 | Build | House |
| 15:54 | Build | Stone Wall |
| 15:59 | Queue | Villager (Male) |
| 16:02 | Build | Farm |
| 16:08 | Build | Stone Wall |
| 16:11 | Build | Stone Wall |
| 16:25 | Build | House |
| 16:29 | Build | House |
| 16:30 | Build | House |
| 16:31 | Build | Stone Wall |
| 16:41 | Build | House |
| 16:42 | Build | Stone Wall |
| 16:56 | Build | Stone Wall |
| 16:59 | Queue | Villager (Male) |
| 17:08 | Research | Stone Mining |
| 17:17 | Build | Farm |
| 17:23 | Research | Castle Age |
| 17:32 | Build | House |
| 17:35 | Build | House |
| 17:52 | Build | Palisade Wall |
| 18:01 | Build | House |
| 18:01 | Build | House |
| 18:05 | Build | House |
| 18:25 | Build | Lumber Camp |
| 18:33 | Build | Farm |
| 18:34 | Build | Farm |
| 18:39 | Build | House |
| 18:39 | Build | House |
| 18:40 | Build | House |
| 18:41 | Build | House |
| 18:47 | Build | House |
| 18:52 | Research | Gold Mining |
| 18:54 | Research | Stone Mining |
| 18:56 | Queue | Villager (Male) |
| 19:10 | Build | House |
| 19:13 | Build | House |
| 19:15 | Build | Stone Wall |
| 20:04 | Age | Castle Age |
| 20:20 | Build | Castle |
| 20:24 | Research | Bow Saw |
| 20:25 | Queue | Villager (Male) |
| 20:39 | Research | Padded Archer Armor |
| 20:43 | Build | Siege Workshop |
| 20:46 | Queue | Villager (Male) |
| 21:00 | Build | Farm |
| 21:01 | Build | Farm |
| 21:02 | Build | Farm |
| 21:15 | Build | Farm |
| 21:26 | Queue | Villager (Male) |
| 21:26 | Queue | Villager (Male) |
| 21:28 | Build | Farm |
| 21:38 | Queue | Mangonel |
| 21:48 | Queue | Villager (Male) |
| 21:49 | Queue | Conquistador |
| 21:50 | Queue | Villager (Male) |
| 21:58 | Queue | Villager (Male) |
| 22:05 | Queue | Conquistador |
| 22:13 | Build | Mining Camp |
| 22:21 | Queue | Conquistador |
| 22:22 | Queue | Conquistador |
| 22:23 | Queue | Villager (Male) |
| 22:29 | Build | Farm |
| 22:30 | Build | Farm |
| 22:49 | Queue | Villager (Male) |
| 22:55 | Queue | Villager (Male) |
| 23:13 | Queue | Conquistador |
| 23:19 | Queue | Conquistador |
| 23:24 | Build | Stable |
| 23:27 | Queue | Conquistador |
Match timeline
| 4:42 | Mataku · wall_segment Palisade Wall x1 |
| 5:39 | 1920343014 · first_building Barracks |
| 6:16 | Mataku · wall_segment Palisade Wall x8 |
| 6:20 | Mataku · wall_segment Palisade Wall x8 |
| 7:23 | Mataku · wall_segment Palisade Wall x5 |
| 8:40 | Mataku · wall_segment Palisade Wall x9 |
| 9:24 | Mataku · first_building Barracks |
| 9:48 | Mataku · wall_segment Palisade Wall x10 |
| 10:49 | Mataku · age_up feudal |
| 10:51 | Mataku · first_building Archery Range |
| 11:50 | 1920343014 · age_up feudal |
| 11:56 | 1920343014 · wall_segment Palisade Wall x2 |
| 11:58 | 1920343014 · wall_segment Palisade Wall x3 |
| 11:59 | 1920343014 · wall_segment Palisade Wall x10 |
| 12:06 | 1920343014 · wall_segment Palisade Wall x5 |
| 12:11 | 1920343014 · wall_segment Palisade Wall x1 |
| 12:57 | 1920343014 · wall_segment Palisade Wall x27 |
| 13:04 | 1920343014 · wall_segment Palisade Wall x11 |
| 13:44 | 1920343014 · wall_segment Palisade Wall x5 |
| 15:09 | 1920343014 · wall_segment Stone Wall x1 |
| 15:46 | Mataku · first_market_sell 100 wood |
| 15:49 | Mataku · first_market_buy 100 food |
| 15:54 | 1920343014 · wall_segment Stone Wall x1 |
| 16:08 | 1920343014 · wall_segment Stone Wall x4 |
| 16:11 | 1920343014 · wall_segment Stone Wall x1 |
| 16:31 | 1920343014 · wall_segment Stone Wall x1 |
| 16:42 | 1920343014 · wall_segment Stone Wall x1 |
| 16:56 | 1920343014 · wall_segment Stone Wall x1 |
| 17:03 | 1920343014 · first_market_buy 100 food |
| 17:52 | 1920343014 · wall_segment Palisade Wall x1 |
| 19:12 | Mataku · age_up castle |
| 19:15 | 1920343014 · wall_segment Stone Wall x1 |
| 19:18 | Mataku · first_building Castle |
| 20:04 | 1920343014 · age_up castle |
| 20:20 | 1920343014 · first_building Castle |
| 20:40 | Mataku · first_building Monastery |
| 20:43 | 1920343014 · first_building Siege Workshop |
| 23:24 | 1920343014 · first_building Stable |
| 25:30 | 1920343014 · first_building Monastery |
| 30:15 | 1920343014 · first_market_sell 100 food |
| 38:17 | Mataku · age_up imperial |
| 40:04 | 1920343014 · first_building Archery Range |
| 41:00 | Mataku · wall_segment Stone Wall x11 |
| 41:48 | 1920343014 · age_up imperial |
| 47:25 | Mataku · wall_segment Stone Wall x5 |
| 59:54 | Mataku · resign |
[ AI ANALYSIS · 1 CREDIT ]
What really happened in this match?
Wolo.gg analyzes every decision: build order, eco, micro, common mistakes by bracket. Personalized analysis on WhatsApp or Discord in 30 seconds.
Civ guide
Maya
Perfil
Jugador #4546796